 Dungeon Crawl Stone Soup version 0.29.0-11-gd7f09526c8 (webtiles) character file.

Game seed: 13578885599193348364

3092 oldmanjim the Cleaver (level 9, -1/79 HPs)
             Began as a Hill Orc Fighter on Sept 4, 2022.
             Was a Follower of Beogh.
             Slain by a komodo dragon (12 damage)
             ... on level 7 of the Dungeon.
             The game lasted 00:31:54 (7365 turns).

oldmanjim the Cleaver (Hill Orc Fighter)            Turns: 7365, Time: 00:31:54

Health: -1/79      AC: 11    Str: 29    XL:     9   Next: 89%
Magic:  12/12      EV: 10    Int:  8    God:    Beogh [*.....]
Gold:   440        SH: 10    Dex: 10    Spells: 8/8 levels left

rFire   . . .      SeeInvis .   a - +1 war axe (venom)
rCold   . . .      Faith    .   c - +0 buckler
rNeg    + . .      Spirit   .   D - +2 ring mail {rN+}
rPois   .          Reflect  +   h - +0 helmet
rElec   .          Harm     .   (no cloak)
rCorr   .          Rampage  .   k - +1 pair of gloves
Will    .....                   (no boots)
Stlth   ..........              s - amulet of reflection
HPRegen 0.23/turn               e - +6 ring of strength
MPRegen 0.13/turn               (no ring)

@: no status effects
A: no striking features
a: Renounce Religion


You were on level 7 of the Dungeon.
You worshipped Beogh.
Beogh was aware of your devotion.
You visited 2 branches of the dungeon, and saw 9 of its levels.

You collected 454 gold pieces.
You spent 14 gold pieces at shops.

Inventory:

Hand Weapons
 a - a +1 war axe of venom (weapon)
 b - a +3 flail of protection
Missiles
 i - 28 stones (quivered)
 y - 8 poisoned darts
Armour
 c - a +0 buckler (worn)
 h - a +0 helmet (worn)
 k - a +1 pair of gloves (worn)
 x - a +0 chain mail
 D - a +2 ring mail of positive energy (worn)
Jewellery
 e - a +6 ring of strength (left hand)
 s - an amulet of reflection (around neck)
Wands
 p - a wand of roots (5)
Scrolls
 f - 4 scrolls of teleportation
 g - a scroll of brand weapon
 o - 2 scrolls of identify
 t - 2 scrolls of butterflies
 u - a scroll of immolation
 v - 2 scrolls of enchant weapon
Potions
 d - 2 potions of might
 j - 3 potions of curing
 l - 5 potions of lignification
 m - 2 potions of haste
 n - a potion of invisibility
 q - 2 potions of heal wounds
 r - 2 potions of resistance
 w - a potion of attraction {unknown}
 z - 2 potions of brilliance
 A - a potion of flight {unknown}
 E - a potion of ambrosia


   Skills:
 - Level 7.0 Fighting
 + Level 13.6 Axes
 - Level 6.0 Armour
 - Level 5.0 Shields
 - Level 5.0 Invocations


You had 8 spell levels left.
You didn't know any spells.
Your spell library contained the following spells:

 Spells                   Type           Power      Damage    Failure   Level
 Sandblast                Erth           0%         2d4       61%         1
 Sting                    Tmut/Pois      0%         1d3       61%         1
 Ensorcelled Hibernation  Hex/Ice        0%         N/A       75%         2
 Passwall                 Tmut/Erth      0%         N/A       75%         2
 Static Discharge         Conj/Air       0%         3-3/arc   75%         2
 Sublimation of Blood     Necr           0%         N/A       75%         2
 Wereblood                Tmut           0%         N/A       75%         2
 Dazzling Flash           Conj/Hex       0%         N/A       93%         3
 Gell's Gravitas          Tloc           0%         N/A       93%         3
 Mephitic Cloud           Conj/Pois/Air  0%         N/A       93%         3
 Spider Form              Tmut/Pois      0%         N/A       93%         3
 Stone Arrow              Conj/Erth      0%         3d7       93%         3
 Teleport Other           Tloc           0%         N/A       93%         3
 Anguish                  Hex/Necr       0%         N/A       100%        4
 Olgreb's Toxic Radiance  Pois           0%         N/A       100%        4
 Agony                    Necr           0%         N/A       100%        5
 Freezing Cloud           Conj/Ice/Air   0%         6-21      100%        5
 Lightning Bolt           Conj/Air       0%         1d11      100%        5
 Silence                  Hex/Air        0%         N/A       100%        5
 Dispersal                Tloc           0%         N/A       100%        6
 Summon Hydra             Summ           0%         N/A       100%        7
 Maxwell's Capacitive Co  Air            0%         ∞         100%        8


Dungeon Overview and Level Annotations

Branches:
Dungeon (8/15)             Temple (1/1) D:6            Lair (0/5) D:8

Altars:
Ashenzari
Cheibriados
Dithmenos
Elyvilon
Fedhas
Gozag
Hepliaklqana
Kikubaaqudgha
Makhleb
Nemelex Xobeh
Okawaru
Qazlal
Ru
Sif Muna
Trog
Uskayaw
Vehumet
Wu Jian
Xom
Yredelemnul
Zin
The Shining One

Shops:
D:2 (   D:6 *

Annotations:
D:5 3 runed translucent doors, xian's ghost, novice DgHu


Message History

You throw a stone. The stone closely misses the orc.
Throw: 29 stones
Press: ? - help, Q - select action, (/) - cycle Shift-Dir - straight line, f/p - orc
Aim: an orc, wielding a +0 whip and wearing a +0 leather armour (59% to hit)
You throw a stone.
The stone hits the orc but does no damage.
You slash the orc!
You kill the orc!
Beogh accepts your kill.
A bullfrog and a komodo dragon come into view.
The bullfrog croaks.
The komodo dragon hisses angrily.
You hear an angry growl.
A black bear and a scorpion come into view.
Found a staircase to the Lair.
The scorpion stings the plant.
The plant begins to die.
The black bear bites the fungus.
The fungus begins to die.
The black bear claws the fungus. x2
The black bear bites the fungus.
The fungus begins to die.
The black bear claws the fungus. x2
There is a stone staircase leading up here.
The black bear bites the fungus.
The black bear claws the fungus. x2
A nearby fungus withers and dies.
You block the komodo dragon's attack.
You climb upwards.
There is a stone staircase leading down, spattered with blood here.
You slash the komodo dragon!
The komodo dragon is poisoned.
The komodo dragon is lightly wounded.
The komodo dragon bites you!!
You completely miss the komodo dragon.
The komodo dragon is lightly wounded.
The komodo dragon bites you!!
The komodo dragon attacks as you move away!
The komodo dragon bites you.
* * * LOW HITPOINT WARNING * * *
You slash the komodo dragon!
The komodo dragon looks as sick as possible!
The komodo dragon is moderately wounded.
The komodo dragon bites you!
* * * LOW HITPOINT WARNING * * *
The komodo dragon attacks as you move away!
The komodo dragon bites you!
You die...

#.#######..########.#.....#
#.#............#..#.#.###.#
#.#.######.###.#..#.#<....#
#.#.# #[# #.#..#.#.#####
#.#.# #># #.#..#.#......
#.#.######.# #.#..#.#..####
#.#......#.# #.#..#.#..#
#.#..###.#l# #.#..#.#..#
#.#..# #.#@# #.#..#.#######
#.#..# #.#.# #.#...........
#.#..###.#.###.##.#.#######
#.#..##..#.#......#.# #
#.#####.##.#.#....#.#######
#.# #.##.#.####.#.#......
#.# #.##.#.##...#.#.#####
#.# #.##.#.##.###.#.####
#.# #.##.#.##.#<#.#....#


You could see a komodo dragon (extremely poisoned).

Vanquished Creatures
  Sigmund (D:2)
  Grum (D:7)
  3 steam dragons
  2 water moccasins (D:7)
  2 ice beasts
  An orc warrior (D:7)
  A sky beast (D:7)
  4 ogres
  2 wolves
  3 bullfrogs
  5 scorpions
  3 necrophages
  2 howler monkeys (D:7)
  A jelly (D:7)
  A gnoll bouda (D:7)
  5 hounds
  4 iguanas
  4 orc wizards
  5 gnolls (D:7)
  10 adders
  A shadow imp (D:6)
  3 dart slugs
  9 orcs
  3 ball pythons
  3 bats
  5 endoplasms
  3 giant cockroaches
  9 goblins
  3 hobgoblins
  10 kobolds
  4 quokkas
  A frilled lizard (D:2)
  5 rats
  A spectral orc (D:5)
120 creatures vanquished.

Vanquished Creatures (others)
  An orc priest (D:6)
  An orc (D:6)
  5 fungi (D:8)
  5 plants (D:8)
12 creatures vanquished.

Grand Total: 132 creatures vanquished

Notes
Turn   | Place    | Note
-------+----------+-------------------------------------------
     0 | D:1      | oldmanjim the Hill Orc Fighter began the quest for the Orb.
     0 | D:1      | Reached XP level 1. HP: 19/19 MP: 1/1
    45 | D:1      | Reached skill level 3 in Axes
    45 | D:1      | Reached XP level 2. HP: 24/27 MP: 2/2
   371 | D:1      | Got Sif Muna's Codex of Shivering Poison
   672 | D:2      | Reached XP level 3. HP: 33/33 MP: 3/3
   825 | D:2      | Noticed Sigmund
   941 | D:2      | Killed Sigmund
   942 | D:2      | Reached skill level 6 in Axes
   942 | D:2      | Reached skill level 5 in Shields
   942 | D:2      | Reached XP level 4. HP: 18/40 MP: 4/4
   942 | D:2      | Reached XP level 5. HP: 21/46 MP: 5/5
  1139 | D:2      | Found Roluih's Weapon Emporium.
  1775 | D:3      | Found a faded altar of an unknown god.
  1805 | D:3      | Reached XP level 6. HP: 50/52 MP: 6/6
  2071 | D:3      | You fall into a shaft and drop 1 floor!
  2100 | D:4      | Reached skill level 7 in Axes
  2183 | D:4      | Found an ancient bone altar of Kikubaaqudgha.
  2183 | D:4      | Found a snail-covered altar of Cheibriados.
  2222 | D:4      | Reached skill level 8 in Axes
  2379 | D:4      | Reached XP level 7. HP: 57/59 MP: 7/7
  2436 | D:5      | Entered Level 5 of the Dungeon
  2460 | D:5      | Found a runed translucent door.
  2467 | D:5      | Noticed xian's ghost (novice DgHu)
  2481 | D:5      | Reached skill level 9 in Axes
  2720 | D:5      | Reached skill level 10 in Axes
  2819 | D:5      | Reached XP level 8. HP: 67/67 MP: 8/8
  2910 | D:5      | Found a runed translucent door.
  2912 | D:5      | Found a runed translucent door.
  2918 | D:5      | Reached skill level 5 in Fighting
  3060 | D:5      | Found a hazy altar of Hepliaklqana.
  3224 | D:6      | Found Qusecwoa's General Store.
  3232 | D:6      | Bought a potion of degeneration for 14 gold pieces
  3253 | D:6      | Reached skill level 11 in Axes
  3438 | D:6      | Found a staircase to the Ecumenical Temple.
  3452 | Temple   | Entered the Ecumenical Temple
  3795 | D:6      | Found an ornate altar of the Wu Jian Council.
  4054 | D:6      | Became a worshipper of Beogh the Brigand
  4108 | D:4      | Found a shimmering blue altar of Sif Muna.
  4691 | D:4      | Reached skill level 12 in Axes
  5229 | D:6      | Reached skill level 1 in Invocations
  5541 | D:6      | Found a sparkling altar of Nemelex Xobeh.
  5896 | D:7      | Reached XP level 9. HP: 65/75 MP: 9/11
  6195 | D:7      | Reached * piety under Beogh
  6220 | D:7      | Reached skill level 5 in Armour
  7076 | D:8      | Reached skill level 13 in Axes
  7076 | D:8      | Reached skill level 5 in Invocations
  7092 | D:8      | Noticed Grum
  7233 | D:7      | Killed Grum
  7348 | D:8      | Noticed a komodo dragon
  7349 | D:8      | Found a staircase to the Lair.
  7365 | D:7      | Slain by a komodo dragon

Illustrated notes

Levels and vault maps discovered:
D:1:      evilmike_arrival_crescent, layout_basic, minmay_bisected
D:2:      layout_basic, serial_shops, shop_statue, minmay_tromino_v4_b,
          uniq_sigmund
D:3:      layout_basic, hellmonk_ecumenical_altar_run_dry
D:4:      layout_loops_ring, led_sif_book, nicolae_overflow_two_pavilions
D:5:      lemuel_insect_pit, layout_rooms,
          nicolae_hepliaklqana_monster_ancestors, ebering_ghost_sewer_d,
          nicolae_figureground_pulse
D:6:      layout_gridville, general_overflow_altar,
          mainiacjoe_overflow_alcove_4, minmay_temple_entry_trees, serial_shops,
          shop
D:7:      layout_basic
D:8:      layout_basic, due_lair_maze_entry_diamond, kennysheep_generic_room_2,
          uniq_grum
Temple:   regret_index_temple_sphere_string

Skill      XL: |  1  2  3  4  5  6  7  8  9 |
---------------+----------------------------+-----
Axes           | 3 6 8 10 12 13 | 13.6
Fighting       | 4 5 7 |  7.0
Shields        | 5 |  5.0
Invocations    | 3 5 |  5.0
Armour         | 4 6 |  6.0

Action                   |  1- 3 |  4- 6 |  7- 9 || total
-------------------------+-------+-------+-------++-------
Melee: War axe           |    86 |    74 |   261 ||   421
Throw: Stone             |       |       |    10 ||    10
Invok: Convert to Beogh  |       |       |     1 ||     1
  Use: Scroll            |       |     8 |    12 ||    20
Armor: Scale mail        |    49 |    30 |    43 ||   122
       Ring mail         |       |       |    32 ||    32
Dodge: Dodged            |    31 |    27 |    64 ||   122
Block: Buckler           |    21 |    12 |    86 ||   119
       Reflection        |       |       |     2 ||     2
